 Dungeon Crawl Stone Soup version 0.29-a0-668-g12ee2bf84d (webtiles) character file.

Game seed: 9102045702091806170

289 Newt the Skirmisher (level 6, -2/49 HPs)
             Began as a Demonspawn Abyssal Knight on June 23, 2022.
             Was a Priest of Lugonu.
             Slain by an orc warrior
             ... wielding a +0 mace
              (10 damage)
             ... on level 6 of the Dungeon.
             The game lasted 00:09:29 (4108 turns).

Newt the Skirmisher (Demonspawn Abyssal Knight)     Turns: 4108, Time: 00:09:30

Health: -2/49      AC:  8    Str: 15    XL:     6   Next: 9%
Magic:  7/8        EV: 11    Int: 11    God:    Lugonu [***...]
Gold:   29         SH:  0    Dex: 14    Spells: 5/5 levels left

rFire   . . .      SeeInvis .   o - +1 whip (drain)
rCold   . . .      Faith    .   (no shield)
rNeg    . . .      Spirit   .   b - +0 leather armour
rPois   .          Reflect  .   n - +0 helmet
rElec   .          Harm     .   p - +0 cloak
rCorr   .          Rampage  .   (no gloves)
Will    .....                   e - +0 pair of boots
Stlth   +.........              (no amulet)
HPRegen 0.16/turn               (no ring)
MPRegen 0.11/turn               (no ring)

@: mighty, very slow
A: thin metallic scales 1, powered by pain 1, weakness stinger 2
a: Renounce Religion, Depart the Abyss, Bend Space, Banish


You were on level 6 of the Dungeon.
You worshipped Lugonu.
Lugonu was most pleased with you.
You visited 1 branch of the dungeon, and saw 5 of its levels.
You visited the Abyss 1 time.

You collected 99 gold pieces.
You spent 70 gold pieces at shops.

Inventory:

Hand Weapons
 a - a +1 spear
 i - a +1 dagger of freezing
 j - a +1 dagger of venom
 o - a +1 whip of draining (weapon)
 s - a +0 spear
Armour
 b - a +0 leather armour (worn)
 e - a +0 pair of boots (worn)
 n - a +0 helmet (worn)
 p - a +0 cloak (worn)
Jewellery
 f - a ring of fire
Scrolls
 c - 3 scrolls of identify
 l - a scroll of amnesia
Potions
 d - a potion of mutation
 h - 3 potions of magic
 k - a potion of haste {unknown}
 m - a potion of heal wounds
 q - a potion of brilliance {unknown}
 r - a potion of curing {unknown}


   Skills:
 + Level 4.5 Fighting
 - Level 1.0 Short Blades
 * Level 3.1 Maces & Flails
 - Level 2.3 Polearms
 + Level 2.6 Armour
 - Level 1.2 Dodging
 + Level 2.7 Invocations


You had 5 spell levels left.
You didn't know any spells.
Your spell library contained the following spells:

 Spells                   Type           Power      Damage    Failure   Level
 Magic Dart               Conj           0%         1d3       41%         1
 Call Imp                 Summ           0%         N/A       54%         2
 Mephitic Cloud           Conj/Pois/Air  0%         N/A       78%         3


Dungeon Overview and Level Annotations

Branches:
Dungeon (6/15)             Temple (0/1) D:6

Altars:
Gozag

Shops:
D:2 !   D:6 *


Innate Abilities, Weirdness & Mutations

You are partially covered in thin metallic scales. (AC +2)
You sometimes gain a little power by taking damage.
You have a tail ending in a sharp stinger.


Message History

You hit the worm.
The worm is severely wounded.
Your unstable footing causes you to fumble your attack.
The worm splashes around in the water.
Your unstable footing causes you to fumble your attack.
The worm bites you but does no damage.
Your unstable footing causes you to fumble your attack.
You hit the worm but do no damage.
The worm is severely wounded.
The worm bites you.
You hit the worm. You drain the worm.
You kill the worm!
Lugonu accepts your kill.
You start resting.
An orc warrior comes into view. It is wielding a +0 mace.
The orc warrior shouts!
You hear a shout!
Okay, then.
As you read the scroll labelled EPSOFATE NONUO, it crumbles to dust.
The scroll dissolves into smoke.
It was a scroll of fog.
The orc warrior attacks as you move away!
The orc warrior hits you with a +0 mace!
You focus on the pain.
You feel very mighty all of a sudden.
Press: ? - help, Shift-Dir - straight line, f - orc warrior
Aim: an orc warrior, wielding a +0 mace, wearing a +0 chain mail and quivering boomerangs (purple smoke, chance to affect: 80%)
You fail to use your ability.
A necrophage comes into view.
The orc warrior hits you with a +0 mace!
Press: ? - help, Shift-Dir - straight line, f/p - orc warrior
Aim: an orc warrior, wielding a +0 mace, wearing a +0 chain mail and quivering boomerangs (purple smoke, chance to affect: 80%)
You fail to use your ability.
The orc warrior hits you with a +0 mace!
* * * LOW HITPOINT WARNING * * *
You aren't in the Abyss!
Unknown command.
Space bends violently around you!
You blink.
Splash!
You hear a shout! x3
The orc warrior attacks as you move away!
The orc warrior hits you with a +0 mace!
You die...

.,,* #.....##.######.# #.#
...####.....##.# **#.#* #.#
...........###.#**#...$#* #.#
###..#.#####*#.,,*#.#...# #.# *
##.#.# *#,,,,.......# *,*
*###...#####.,####.*##..# *,*
*#........#.+##§§###≈*.## *,*
..........#.#n§o§§§+∩*.#*******,*
##........#.#§§§@§≈+≈*..,,,,,,,,*
..........'.§##§§###≈*,*****,****
..........##..####,***,* *,*
.#####'######....,,,,,,* *,* .#
#..**,,,...$..***** *,* .#
##,**,**#....#* *,* #* *,**,*
*....# *,* *******,**+***....#
*,* ...,,,*,,,,,,*.#### *,**


You could see an orc warrior.

Vanquished Creatures
  A jelly (D:6)
  3 iguanas
  An orc wizard (D:5)
  9 gnolls
  A white imp (D:6)
  A worm (D:6)
  3 dart slugs
  5 orcs
  4 ball pythons
  3 endoplasms
  2 giant cockroaches
  5 goblins
  A hobgoblin (D:1)
  6 jackals (D:1)
  2 quokkas
  2 bats
  2 frilled lizards
  5 kobolds
  5 rats
61 creatures vanquished.

Notes
Turn   | Place    | Note
-------+----------+-------------------------------------------
     0 | Abyss:1  | Newt the Demonspawn Abyssal Knight began the quest for the
                  | Orb.
     0 | Abyss:1  | Reached XP level 1. HP: 18/18 MP: 2/2
    34 | Abyss:1  | Noticed a large abomination
    35 | D:1      | Escaped the Abyss
    91 | D:1      | Reached ** piety under Lugonu
   356 | D:1      | Gained mutation: You have a small tail. [demonic ancestry]
   356 | D:1      | Reached XP level 2. HP: 17/24 MP: 3/3
   921 | D:1      | Gained mutation: You are partially covered in thin metallic
                  | scales. (AC +2) [demonic ancestry]
   921 | D:1      | Reached XP level 3. HP: 30/30 MP: 4/4
  1069 | D:1      | Found a faded altar of an unknown god.
  1900 | D:2      | Found Kuokh's Distillery.
  1906 | D:2      | Bought a potion of heal wounds for 70 gold pieces
  2076 | D:2      | Reached skill level 1 in Dodging
  2454 | D:3      | You fall into a shaft and drop 3 floors!
  2454 | D:6      | Found Gozag's Platinum Reserve.
  2454 | D:6      | Found an opulent altar of Gozag.
  2535 | D:6      | Noticed a black bear
  2543 | D:6      | Reached skill level 1 in Short Blades
  2543 | D:6      | Gained mutation: You have a tail ending in a sharp stinger.
                  | [demonic ancestry]
  2543 | D:6      | Reached XP level 4. HP: 17/37 MP: 5/5
  2558 | D:5      | Entered Level 5 of the Dungeon
  2755 | D:5      | Reached skill level 4 in Fighting
  2755 | D:5      | Reached skill level 1 in Maces & Flails
  2829 | D:5      | Reached XP level 5. HP: 22/42 MP: 6/6
  2979 | D:5      | Noticed a vampire mosquito
  3454 | D:6      | Reached *** piety under Lugonu
  3802 | D:6      | Gained mutation: You sometimes gain a little power by
                  | taking damage. [demonic ancestry]
  3802 | D:6      | Reached XP level 6. HP: 15/49 MP: 7/7
  4100 | D:6      | Noticed an orc warrior
  4108 | D:6      | Slain by an orc warrior

Illustrated notes

Levels and vault maps discovered:
D:1:      lightli_arrival_quake, layout_loops_corners,
          shapermc_ecumenical_altar_mp_vishouse, nicolae_figureground_pulse
D:2:      layout_basic, serial_shops, shop, hex_intersection
D:3:      layout_basic, pf_just_have_faith
D:5:      layout_loops_ring, nzn_wu_jian_contemplation, minmay_chambers_of_fives
D:6:      layout_basic, nicolae_gozag_zags_fifth_avenue,
          cheibrodos_worm_habitat, minmay_temple_entry_hall,
          gup_sewer_entry_bowl, minivault_24, hangedman_decor_peaks_small

Skill      XL: |  1  2  3  4  5 |
---------------+----------------+-----
Polearms       | 2 |  2.3
Armour         | 2 |  2.6
Dodging        | 1 |  1.2
Short Blades   | 1 |  1.0
Fighting       | 4 |  4.5
Maces & Flails | 1 3 |  3.1
Invocations    | |  2.7

Action                   |  1- 3 |  4- 6 || total
-------------------------+-------+-------++-------
Melee: Spear             |   102 |       ||   102
       Tailslap          |    10 |    24 ||    34
       Whip              |    19 |   113 ||   132
       Dagger            |    14 |       ||    14
Invok: Depart the Abyss  |     1 |       ||     1
       Bend Space        |       |     4 ||     4
  Use: Scroll            |     3 |     3 ||     6
 Stab: Sleeping          |     1 |       ||     1
Armor: Leather armour    |    42 |    37 ||    79
Dodge: Dodged            |    72 |    56 ||   128

Table legend: (Time is in decaauts)
 A = Elapsed time spent in this place.
 B = Non-inter-level travel time spent in this place.
 C = Inter-level travel time spent in this place.
 D = Time resting spent in this place.
 E = Time spent auto-exploring this place.
 F = Levels seen in this place.
 G = Mean time per level.
                   A        B        C        D        E       F      G
               +--------+--------+--------+--------+--------+-----+--------+
         Total |   4110 |   4071 |     39 |   1565 |   1769 |   6 |  685.0 |
       Dungeon |   4075 |   4036 |     39 |   1565 |   1735 |   5 |  815.0 |
         Abyss |     35 |     35 |      0 |      0 |     34 |   1 |   35.0 |
               +--------+--------+--------+--------+--------+-----+--------+

Top non-repeatable levels by time:
     D:1: 1529 daAuts
     D:6: 982 daAuts
     D:2: 874 daAuts
     D:5: 672 daAuts
 Abyss:1: 35 daAuts
     D:3: 16 daAuts
